 Dungeon Crawl Stone Soup version 0.31.0-12-g77e489cdc1 (webtiles) character file.

Game seed: 1022320034378594641

721 Gadfly the Covered (level 7, -4/58 HPs)
             Began as an Armataur Fighter on Mar 1, 2024.
             Slain by a gnoll
             ... wielding a +2 whip of electrocution
              (9 damage)
             ... on level 5 of the Dungeon.
             The game lasted 00:05:38 (3569 turns).

Gadfly the Covered (Armataur Fighter)               Turns: 3569, Time: 00:05:39

Health: -4/58      AC: 12    Str: 21    XL:     7   Next: 42%
Magic:  9/9        EV:  7    Int:  8    God:
Gold:   198        SH:  6    Dex: 18    Spells: 6/6 levels left

rFire   . . .        a - +1 flail (drain)
rCold   + . .        c - +0 buckler
rNeg    . . .        i - +3 scale mail
rPois   .            e - +2 hat
rElec   .            x - scarf {harm}
rCorr   .            (no gloves)
SInv    .            (no barding)
Will    .....        (no amulet) Stlth
                     n - ring of protection from cold
HPRegen 0.29/turn    o - +6 ring of dexterity
MPRegen 0.11/turn

%: harm (+30% outgoing, +20% incoming), roll
@: studying Shields
A: large, deformed body, tough skin 3, armoured tail, roll 2
a: no special abilities


You were on level 5 of the Dungeon.
You visited 1 branch of the dungeon, and saw 5 of its levels.

You collected 240 gold pieces.
You spent 42 gold pieces at shops.

Inventory:

Hand Weapons
 a - a +1 flail of draining (weapon)
 b - a +2 dagger of venom
 s - a +0 flail
 t - the +2 long sword "Peof Lav" {flame, ^Contam rF++ SInv}
   (You found it on level 3 of the Dungeon)

   rF++:      It greatly protects you from fire.
   SInv:      It lets you see invisible.
   ^Contam:   It causes magical contamination when unequipped.
Armour
 c - a +0 buckler (worn)
 e - a +2 hat (worn)
 i - a +3 scale mail (worn)
 r - the +0 chain mail of Cuas {rPois Int+2}
   (You found it on level 4 of the Dungeon)

   Int+2:     It affects your intelligence (+2).
   rPois:     It protects you from poison
 x - a scarf of harm (worn)
Jewellery
 n - a ring of protection from cold (left hand)
 o - a +6 ring of dexterity (right hand)
 w - a ring of wizardry
Wands
 l - a wand of iceblast (17)
Scrolls
 g - 3 scrolls of teleportation
 v - 2 scrolls of fog
Potions
 d - a potion of might
 f - a potion of curing
 h - 2 potions of degeneration {unknown}
 j - a potion of heal wounds {unknown}
 k - a potion of brilliance {unknown}
 m - a potion of mutation
 p - a potion of magic {unknown}
 q - a potion of resistance {unknown}
 u - a potion of lignification {unknown}
 z - a potion of ambrosia


   Skills:
 + Level 3.8 Fighting
 * Level 3.8 Maces & Flails
 + Level 4.8 Armour
 + Level 4.5 Shields
 * Level 3.5 Invocations
 * Level 3.5 Evocations


You had 6 spell levels left.
You didn't know any spells.
Your spell library contained the following spells:

 Spells                   Type           Power      Damage    Failure   Level
 Slow                     Hex            0%         N/A       80%         1
 Summon Small Mammal      Summ           0%         N/A       80%         1
 Call Canine Familiar     Summ           0%         N/A       99%         3
 Confusing Touch          Hex            0%         N/A       99%         3
 Sigil of Binding         Hex            0%         N/A       99%         3
 Vampiric Draining        Necr           0%         2d6       99%         3
 Ignite Poison            Fire/Alch      0%         N/A       100%        4
 Sticky Flame             Fire/Alch      0%         2d4       100%        4
 Summon Blazeheart Golem  Fire/Summ      0%         N/A       100%        4
 Summon Forest            Summ/Tloc      0%         N/A       100%        5
 Summon Mana Viper        Hex/Summ       0%         N/A       100%        5
 Eringya's Noxious Bog    Alch           0%         4d6       100%        6
 Summon Cactus Giant      Summ           0%         N/A       100%        6
 Summon Hydra             Summ           0%         N/A       100%        7
 Ignition                 Fire           0%         3d3       100%        8


Dungeon Overview and Level Annotations

Branches:
Dungeon (5/15)
 Temple: D:4-7

Altars:
Ashenzari
Cheibriados
Gozag
Makhleb

Shops:
D:1 ?


Innate Abilities, Weirdness & Mutations

Armour fits poorly on your strangely shaped body.
You have extremely tough skin. (AC +3)
You have a long armoured tail.
You regenerate magic and health when rolling toward enemies. (Rampage Regen)


Message History

The iguana barely misses you.
You hit the iguana.
The iguana is almost dead.
You block the gnoll's attack. The iguana completely misses you.
The gnoll hits you but does no damage. You block the orc's attack.
You sock the iguana!
You kill the iguana!
The gnoll hits you from afar with a +0 halberd.
The gnoll hits you but does no damage.
You are electrocuted!
* * * LOW HITPOINT WARNING * * *
You block the orc's attack.
You are too injured to fight recklessly!
You are too injured to fight recklessly!
You are too injured to fight recklessly!
You are too injured to fight recklessly!
You are too injured to fight recklessly!
You are too injured to fight recklessly!
You are too injured to fight recklessly!
You are too injured to fight recklessly!
You are too injured to fight recklessly!
You are too injured to fight recklessly!
You are too injured to fight recklessly!
You are too injured to fight recklessly!
You are too injured to fight recklessly!
You are too injured to fight recklessly!
You are too injured to fight recklessly!
Unknown command.
You hit the orc. You tail-slap the orc.
The orc is severely wounded.
You block the gnoll's attack.
The gnoll hits you from afar with a +0 halberd.
* * * LOW HITPOINT WARNING * * *
The orc hits you but does no damage.
Unknown command.
You thump the orc!
You kill the orc!
The gnoll hits you with a +2 whip of electrocution.
* * * LOW HITPOINT WARNING * * *
You are electrocuted!
You die...

.# . ....
.. ..# ...
..# ..[.
..# .....
#.#
..#...##.#
.......S.#
..######@#
#g# g.#
####


You could see 2 gnolls and an adder.

Vanquished Creatures
  A steam dragon (D:3)
  A black bear (D:4)
  An ogre (D:4)
  A scorpion (D:2)
  A hound (D:4)
  3 orc priests
  An iguana (D:5)
  Ijyb (D:2)
  3 adders
  5 gnolls
  2 dart slugs
  9 orcs
  8 ball pythons
  11 endoplasms
  4 giant cockroaches
  13 goblins
  9 hobgoblins
  6 jackals
  8 kobolds
  2 quokkas
  5 bats
  2 frilled lizards
  8 rats
105 creatures vanquished.

Notes
Turn   | Place    | Note
-------+----------+-------------------------------------------
     0 | D:1      | Gadfly the Armataur Fighter began the quest for the Orb.
     0 | D:1      | Reached XP level 1. HP: 18/18 MP: 1/1
   157 | D:1      | Reached XP level 2. HP: 20/25 MP: 2/2
   246 | D:1      | Found a faded altar of an unknown god.
   246 | D:1      | Noticed an orange demon
   424 | D:1      | Reached skill level 1 in Evocations
   669 | D:1      | Found Numiri's Magic Scroll Shoppe.
   729 | D:1      | Reached XP level 3. HP: 28/30 MP: 3/3
   733 | D:1      | Reached skill level 1 in Invocations
  1176 | D:1      | Bought a scroll of teleportation for 42 gold pieces
  1372 | D:2      | Noticed a scorpion
  1392 | D:2      | Killed a scorpion
  1393 | D:2      | Reached XP level 4. HP: 38/38 MP: 3/5
  1483 | D:2      | Found a broken altar of Ashenzari.
  1610 | D:2      | Reached XP level 5. HP: 42/45 MP: 6/6
  1656 | D:2      | Noticed Ijyb
  1684 | D:2      | Killed Ijyb
  2348 | D:3      | Identified the +2 long sword "Peof Lav" {flame, ^Contam
                  | rF++ SInv}
  2419 | D:3      | Noticed a steam dragon
  2428 | D:3      | Killed a steam dragon
  2429 | D:3      | Reached XP level 6. HP: 40/51 MP: 6/8
  2493 | D:3      | Found a snail-covered altar of Cheibriados.
  2535 | D:3      | Found a burning altar of Makhleb.
  2789 | D:4      | Identified the +0 chain mail of Cuas {rPois Int+2}
  2851 | D:4      | Gained mutation: You regenerate magic and health when
                  | rolling toward enemies. (Rampage Regen) [Armataur growth]
  2851 | D:4      | Reached XP level 7. HP: 57/58 MP: 9/9
  3461 | D:4      | Found an opulent altar of Gozag.
  3490 | D:4      | Identified a scroll of acquirement
  3491 | D:4      | Acquired a manual of Shields
  3559 | D:5      | Entered Level 5 of the Dungeon
  3569 | D:5      | Slain by a gnoll

Illustrated notes

Levels and vault maps discovered:
D:1:      hellmonk_arrival_library, layout_basic,
          dreamdust_ecumenical_altar_sealed_demon, serial_shops, shop,
          minmay_misc_feat_roman, hangedman_decor_points, minmay_unequal
D:2:      kennysheep_the_goblin_king, layout_basic, basic_altar,
          minmay_shallow_snake_nest
D:3:      layout_basic, mainiacjoe_overflow_two_lobes, kennysheep_cluttered_room
D:4:      layout_basic, nicolae_overflow_hidden_temple, kennysheep_orc_chapel
D:5:      layout_loops_ring

Skill      XL: |  1  2  3  4  5  6 |
---------------+-------------------+-----
Maces & Flails | 2 3 |  3.8
Evocations     | 1 2 3 |  3.5
Invocations    | 1 2 3 |  3.5
Fighting       | 3 |  3.8
Armour         | 4 |  4.8
Shields        | 4 |  4.5

Action                     |  1- 3 |  4- 6 |  7- 9 || total
---------------------------+-------+-------+-------++-------
  Melee: Flail             |   124 |   117 |    35 ||   276
         Tailslap          |    13 |    19 |     3 ||    35
         Dagger            |       |    22 |       ||    22
    Use: Scroll            |     3 |     2 |     2 ||     7
         Potion            |     1 |     3 |       ||     4
 Armour: Scale mail        |   108 |   115 |    43 ||   266
  Dodge: Dodged            |    59 |    39 |    12 ||   110
  Block: Buckler           |    34 |    30 |    11 ||    75
